 Dungeon Crawl Stone Soup version 0.30.0-19-g36f170ea60 (webtiles) character file.

Game seed: 4438898764973021365

39412 Irreverend the Severer (level 13, -3/183 HPs)
             Began as a Minotaur Berserker on May 30, 2023.
             Was a High Priest of Trog.
             Slain by a torpor snail (6 damage)
             ... on level 5 of the Lair of Beasts.
             The game lasted 00:21:12 (16975 turns).

Irreverend the Severer (Minotaur Berserker)        Turns: 16975, Time: 00:21:12

Health: -3/183     AC: 31    Str: 28    XL:     13   Next: 69%
Magic:  4/4        EV: 12    Int:  4    God:    Trog [*****.]
Gold:   1138       SH:  0    Dex: 11    Spells: 12/12 levels left

rFire   . . .        W - +4 executioner's axe (antimagic)
rCold   . . .        (shield currently unavailable)
rNeg    . . .        R - +10 plate armour {ponderous}
rPois   +            (helmet restricted)
rElec   .            f - +2 cloak
rCorr   .            (no gloves)
SInv    .            M - +0 pair of boots
Will    +....        Z - amulet "Jixouz" {Regen+ Str+2 Slay+2} Stlth
                     a - ring of poison resistance
HPRegen 1.30/turn    Y - ring of willpower
MPRegen 0.09/turn

%: no passive effects
@: berserking, slowed, slow
A: horns 2, retaliatory headbutt
a: Renounce Religion, Berserk, Trog's Hand, Brothers in Arms


You were on level 5 of the Lair of Beasts.
You worshipped Trog.
Trog was extremely pleased with you.
You visited 2 branches of the dungeon, and saw 17 of its levels.
You also visited: Ossuary.

You collected 1138 gold pieces.

Inventory:

Hand Weapons
 q - a +1 hand axe of freezing
 H - a +0 broad axe
 W - a +4 antimagic executioner's axe (weapon)
Missiles
 t - a throwing net (quivered)
 Q - 4 javelins
Armour
 f - a +2 cloak (worn)
 M - a +0 pair of boots (worn)
 O - a scarf of harm
 R - a +10 plate armour of ponderousness (worn)
Jewellery
 a - a ring of poison resistance (left hand)
 w - an amulet of regeneration
 E - a ring of flight
 V - a +6 ring of strength
 Y - a ring of willpower (right hand)
 Z - the amulet "Jixouz" (around neck) {Regen+ Str+2 Slay+2}
   (You found it on level 3 of the Lair of Beasts)

   [amulet of regeneration]

   Str:       It affects your strength (+2).
   Slay:      It affects your accuracy & damage with ranged weapons and melee
   (+2).
   Regen:     It increases your rate of health regeneration.
Wands
 o - a wand of flame (63)
 v - a wand of polymorph (3)
 J - a wand of charming (11)
 K - a wand of iceblast (6)
 N - a wand of mindburst (6)
 P - a wand of acid (9)
Scrolls
 d - 4 scrolls of fear
 h - 2 scrolls of noise
 n - 3 scrolls of immolation {unknown}
 p - 3 scrolls of amnesia {unknown}
 r - 5 scrolls of magic mapping {unknown}
 s - 17 scrolls of identify {unknown}
 u - 3 scrolls of enchant weapon {unknown}
 y - 2 scrolls of fog {unknown}
 B - 8 scrolls of teleportation {unknown}
 C - 6 scrolls of enchant armour {unknown}
 D - 2 scrolls of butterflies {unknown}
 F - a scroll of blinking {unknown}
 I - a scroll of torment {unknown}
 S - 2 scrolls of poison {unknown}
 X - a scroll of silence {unknown}
Potions
 b - 6 potions of heal wounds
 c - 3 potions of flight {unknown}
 e - 3 potions of haste
 g - 4 potions of brilliance {unknown}
 i - a potion of berserk rage {unknown}
 j - 3 potions of mutation {unknown}
 k - 5 potions of invisibility {unknown}
 l - a potion of magic {unknown}
 m - a potion of ambrosia {unknown}
 x - 4 potions of might {unknown}
 z - 5 potions of degeneration {unknown}
 A - 8 potions of curing
 G - 2 potions of lignification {unknown}
 T - a potion of attraction {unknown}
 U - a potion of cancellation {unknown}


   Skills:
 + Level 13.3 Fighting
 * Level 18.1 Axes
 + Level 13.1 Armour
 + Level 12.1 Dodging


You had 12 spell levels left.
You didn't know any spells.
Your spell library was empty.

Dungeon Overview and Level Annotations

Branches:
Dungeon (12/15)            Temple (0/1) D:7            Lair (5/5) D:9
  Swamp (0/4) Lair:3        Snake (0/4) Lair:2        Slime (0/5) Lair:4
    Orc (0/2) D:11        Ossuary (visited)

Altars:
Cheibriados
Dithmenos
Elyvilon
Fedhas
Gozag
Kikubaaqudgha
Makhleb
Nemelex Xobeh
Qazlal
Uskayaw
Vehumet
Wu Jian
Xom
Zin
The Shining One
Jiyva

Portals:
Trove: D:11 (give 6 scrolls of fear)

Annotations:
D:8 4 transporters
Lair:1 exclusion: oklob plant
Lair:4 1 runed translucent door


Innate Abilities, Weirdness & Mutations

You have a pair of horns on your head.
You reflexively headbutt those who attack you in melee.


Message History

The blink frog hits you!
* * * LOW HITPOINT WARNING * * *
Your Axes skill increases to level 18!
Your Dodging skill increases to level 12!
Found a black potion.
The blink frog hits you.
* * * LOW HITPOINT WARNING * * *
The blink frog blinks!
The torpor snail bites you but does no damage.
You slice the rime drake like a ripe choko!!!
You kill the rime drake!
Trog accepts your kill.
You slice the torpor snail!!
An elephant comes into view.
The torpor snail bites you.
* * * LOW HITPOINT WARNING * * *
You slice the water moccasin!!
The water moccasin is almost dead.
You slice the torpor snail!!
You kill the torpor snail!
Trog accepts your kill.
You miss the blink frog. You slash the blink frog!
The blink frog's magic leaks into the air.
The sentinel's mark upon you fades away.
The water moccasin bites you but does no damage.
The blink frog hits you!
* * * LOW HITPOINT WARNING * * *
The blink frog blinks!
The blink frog hits you but does no damage.
The water moccasin closely misses you. You furiously retaliate!
You headbutt the water moccasin!
You kill the water moccasin!
Trog accepts your kill.
You slash the torpor snail! You headbutt the torpor snail.
The torpor snail is moderately wounded.
You slice the blink frog!!
You kill the blink frog!
Trog accepts your kill.
A komodo dragon comes into view.
The torpor snail bites you.
You die...

#.........#..##....#.#
##...l.##..##.......##
##..................###
###.....Y.............<..
.........................
........w................
.....?..††...............
)......†.F..P............
##.#P..w@.#.P.#..........
. ##...†#########......#
#.....# #.....##
......... ..... ..#....P.
.+.......# #......#.
.##..!..#


You could see an elephant, 2 torpor snails, a komodo dragon and a blink frog
(magic disrupted).

Vanquished Creatures
  3 hydras
  3 catoblepae
  Erica (D:11)
  2 boulder beetles
  3 skysharks
  An ugly thing (D:11)
  A cyclops (D:11)
  10 elephants
  3 torpor snails (Lair:5)
  5 black mambas
  Maggie (D:6)
  3 rime drakes
  9 komodo dragons
  6 cane toads
  2 unseen horrors
  2 trolls
  A tyrant leech (Lair:3)
  2 polar bears
  3 hornets
  15 blink frogs
  A shadow (D:9)
  Sigmund (D:6)
  A wyvern (Lair:2)
  A wraith (D:11)
  33 yaks
  3 basilisks
  3 steam dragons
  2 vampire mosquitoes (D:11)
  A swamp worm (Lair:3)
  23 water moccasins
  10 orc warriors
  A black bear (D:8)
  An ice beast (D:7)
  3 sky beasts (D:7)
  4 ogres
  A centaur (D:7)
  12 wolves
  3 phantoms
  3 kobold brigands
  Blork the orc (D:6)
  A gnoll sergeant (D:11)
  17 bullfrogs
  A scorpion (D:6)
  5 water moccasin zombies (Ossuary)
  6 killer bees (D:9)
  5 howler monkeys
  2 electric eels (Lair:3)
  4 hounds
  3 jellies
  Crazy Yiuf (D:2)
  A gnoll bouda (D:4)
  9 orc priests
  2 sleepcaps (D:6)
  3 iguanas
  11 orc wizards
  2 mummies (Ossuary)
  11 gnolls
  5 adders
  A white imp (D:6)
  An ufetubus (D:4)
  7 adder zombies (Ossuary)
  2 worms
  4 dart slugs
  54 orcs
  5 endoplasms
  3 giant cockroaches
  7 goblins
  2 hobgoblins
  11 jackals
  A quokka (D:3)
  7 ball pythons
  5 bats
  4 frilled lizards
  5 hobgoblin zombies (Ossuary)
  16 kobolds
  3 kobold zombies (Ossuary)
  4 orc zombies (Ossuary)
  7 rats
422 creatures vanquished.

Vanquished Creatures (collateral kills)
  A hydra (Lair:1)
1 creature vanquished.

Grand Total: 423 creatures vanquished

Notes
Turn   | Place    | Note
-------+----------+-------------------------------------------
     0 | D:1      | Irreverend the Minotaur Berserker began the quest for the
                  | Orb.
     0 | D:1      | Reached XP level 1. HP: 19/19 MP: 0/0
   251 | D:1      | Reached XP level 2. HP: 27/27 MP: 1/1
   262 | D:1      | Found a faded altar of an unknown god.
   342 | D:1      | Reached skill level 4 in Axes
   912 | D:2      | Reached ** piety under Trog
   913 | D:2      | Reached XP level 3. HP: 33/33 MP: 2/2
  1626 | D:2      | Found a runed translucent door.
  1627 | D:2      | Noticed Crazy Yiuf
  1931 | D:2      | Killed Crazy Yiuf
  1932 | D:2      | Reached XP level 4. HP: 40/40 MP: 3/3
  2279 | D:3      | Reached skill level 5 in Axes
  2358 | D:3      | Found a snail-covered altar of Cheibriados.
  2437 | D:3      | Found a burning altar of Makhleb.
  2474 | D:3      | Reached XP level 5. HP: 45/47 MP: 4/4
  2966 | D:4      | Reached *** piety under Trog
  3046 | D:4      | Noticed a phantom
  3050 | D:4      | Killed a phantom
  3051 | D:4      | Reached XP level 6. HP: 55/55 MP: 5/5
  3064 | D:4      | Reached skill level 6 in Axes
  3122 | D:4      | Reached skill level 5 in Fighting
  3990 | D:5      | Entered Level 5 of the Dungeon
  4269 | D:5      | Reached XP level 7. HP: 52/61 MP: 6/6
  4306 | D:5      | Found a white marble altar of Elyvilon.
  4500 | D:5      | Reached skill level 7 in Axes
  4516 | D:5      | Found a sand-covered staircase.
  4565 | Ossuary  | Entered an ossuary
  4606 | Ossuary  | Reached skill level 5 in Armour
  4742 | Ossuary  | Reached **** piety under Trog
  4756 | Ossuary  | Reached skill level 5 in Dodging
  4756 | Ossuary  | Reached XP level 8. HP: 65/70 MP: 7/7
  4790 | Ossuary  | Reached skill level 8 in Axes
  5665 | D:6      | Found an opulent altar of Gozag.
  5672 | D:6      | Found a blossoming altar of Fedhas.
  5673 | D:6      | Found a glowing golden altar of the Shining One.
  5674 | D:6      | Noticed Blork the orc
  5681 | D:6      | Killed Blork the orc
  5699 | D:6      | Found a shadowy altar of Dithmenos.
  5702 | D:6      | Found an ancient bone altar of Kikubaaqudgha.
  5709 | D:6      | Found a sparkling altar of Nemelex Xobeh.
  5711 | D:6      | Found a hide-covered altar of Uskayaw.
  5712 | D:6      | Found a shimmering altar of Xom.
  5880 | D:6      | Noticed Maggie
  5889 | D:6      | Killed Maggie
  5890 | D:6      | Reached skill level 9 in Axes
  5997 | D:6      | Noticed Sigmund
  6002 | D:6      | Killed Sigmund
  6003 | D:6      | Reached XP level 9. HP: 79/79 MP: 8/8
  6104 | D:7      | Found an ornate altar of the Wu Jian Council.
  6284 | D:7      | Reached skill level 10 in Axes
  6518 | D:7      | Found a glowing silver altar of Zin.
  6986 | D:7      | Reached skill level 11 in Axes
  7162 | D:7      | Found a staircase to the Ecumenical Temple.
  7501 | D:8      | Found a stormy altar of Qazlal.
  8161 | D:8      | Found a transporter.
  8206 | D:8      | Reached XP level 10. HP: 90/90 MP: 9/9
  8208 | D:8      | Found a transporter.
  8243 | D:8      | Found a transporter.
  8264 | D:8      | Found a transporter.
  8529 | D:9      | Found a staircase to the Lair.
  8570 | D:9      | Reached skill level 12 in Axes
  9159 | D:9      | Found a radiant altar of Vehumet.
  9302 | D:9      | Reached ***** piety under Trog
  9497 | D:10     | Entered Level 10 of the Dungeon
  9566 | D:10     | Reached skill level 13 in Axes
 10143 | D:10     | Reached XP level 11. HP: 93/99 MP: 10/10
 10688 | D:11     | Found a portal to a secret trove of treasure.
 10757 | D:11     | Noticed a red ugly thing
 10766 | D:11     | Killed a red ugly thing
 10767 | D:11     | Reached skill level 10 in Fighting
 11014 | D:11     | Noticed Erica
 11023 | D:11     | Killed Erica
 11104 | D:11     | Found a runed translucent door.
 11182 | D:11     | Found a staircase to the Orcish Mines.
 11218 | D:11     | Reached skill level 10 in Armour
 11466 | D:11     | Reached skill level 14 in Axes
 11629 | D:11     | Identified the +1 halberd of Doom {venom, Will- Str-4 Dex+7
                  | Stlth+}
 12031 | Lair:1   | Entered Level 1 of the Lair of Beasts
 12142 | Lair:1   | Paralysed by a hornet for 2 turns
 12456 | Lair:1   | Received a gift from Trog
 12516 | Lair:1   | Noticed a catoblepas
 12539 | Lair:1   | Killed a catoblepas
 12738 | Lair:1   | Noticed a five-headed hydra
 12744 | Lair:1   | Killed a seven-headed hydra
 12915 | Lair:1   | Noticed a catoblepas
 12940 | Lair:1   | Killed a catoblepas
 12941 | Lair:1   | Reached skill level 15 in Axes
 12967 | Lair:1   | Reached skill level 10 in Dodging
 13086 | Lair:1   | Noticed an oklob plant
 13177 | Lair:1   | Reached XP level 12. HP: 106/110 MP: 3/11
 14024 | Lair:2   | Found a staircase to the Snake Pit.
 14041 | Lair:2   | Noticed a six-headed hydra
 14058 | Lair:2   | Killed a ten-headed hydra
 14264 | Lair:2   | Reached skill level 16 in Axes
 14955 | Lair:3   | Noticed a boulder beetle
 14970 | Lair:3   | Killed a boulder beetle
 15156 | Lair:3   | Identified the amulet "Jixouz" {Regen+ Str+2 Slay+2}
 15215 | Lair:3   | Found a staircase to the Swamp.
 15237 | Lair:3   | Reached XP level 13. HP: 112/119 MP: 4/12
 15971 | Lair:4   | Reached skill level 17 in Axes
 16129 | Lair:4   | Received a gift from Trog
 16594 | Lair:4   | Found a runed translucent door.
 16595 | Lair:4   | Found a viscous altar of Jiyva.
 16595 | Lair:4   | Found a staircase to the Slime Pits.
 16784 | Lair:5   | Entered Level 5 of the Lair of Beasts
 16972 | Lair:5   | Reached skill level 18 in Axes
 16974 | Lair:5   | HP: 1/183 [blink frog (11)]
 16975 | Lair:5   | Slain by a torpor snail

Illustrated notes

Levels and vault maps discovered:
D:1:      matt_arrival_los_fun, layout_basic,
          shapermc_ecumenical_altar_mp_ritualfount
D:2:      layout_loops_corners, kennysheep_nub, uniq_crazy_yiuf_cottage
D:3:      layout_basic, mainiacjoe_overflow_catwalk_spiral, nicolae_titane
D:4:      layout_rooms, patterned_corridor
D:5:      layout_basic, amcnicky_altar_gilded, nicolae_ossuary_entry_ruins,
          cheibrodos_gnoll_hut
D:6:      layout_loops_cross, nicolae_overflow_hallway_of_the_gods,
          serial_park_tiny_2, uniq_sigmund, uniq_maggie, uniq_blork_the_orc
D:7:      layout_loops_ring, kennysheep_mini_moat,
          mainiacjoe_overflow_concentric_impassable,
          minmay_temple_entry_offerings, minmay_bent
D:8:      layout_rooms, grunt_qazlal_sundering, nicolae_transporter_intersection
D:9:      layout_rooms, nicolae_vehumet_altar_sigil, dpeg_oklobed_lair
D:10:     layout_roguey, lemuel_flamethrower_2
D:11:     layout_roguey, david_orc_5, nicolae_trove_entry_crystal,
          lightli_church_of_beogh, uniq_erica
D:12:     layout_irregular_city, fake_guardian_serpent_vault
Lair:1:   layout_gridlike, minmay_lair_oklob_items, beast_lair_carwin_11,
          grunt_megastairs_4
Lair:2:   layout_chaotic_city, minmay_snake_entry_six_corridors,
          lemuel_fruit_tree
Lair:3:   layout_gridlike, minmay_swamp_entry_worms
Lair:4:   layout_cave_pods, slime_entry_2, lemuel_fruit_fields,
          infiniplex_staircase_pool_2
Lair:5:   hellmonk_lair_end_abyssal_woods, layout_regular_city,
          kennysheep_snail_temple

Skill      XL: |  1  2  3  4  5  6  7  8  9 10 11 12 13 |
---------------+----------------------------------------+-----
Axes           | 4 5 6 7 9 11 13 15 16 18 | 18.1
Fighting       | 4 5 6 7 8 9 11 12 13 | 13.3
Armour         | 3 4 5 6 8 9 10 12 13 | 13.1
Dodging        | 3 4 5 6 7 8 10 11 12 | 12.1

Action                     |  1- 3 |  4- 6 |  7- 9 | 10-12 | 13-15 || total
---------------------------+-------+-------+-------+-------+-------++-------
  Melee: Hand axe          |    76 |   134 |    28 |       |       ||   238
         Headbutt          |     9 |    21 |    57 |   100 |    22 ||   209
         War axe           |       |       |   123 |       |       ||   123
         Broad axe         |       |       |   128 |   275 |       ||   403
         Punch             |       |       |     2 |     1 |       ||     3
         Executioner's axe |       |       |       |   167 |   116 ||   283
 Invoke: Berserk           |     1 |     2 |     4 |     7 |     1 ||    15
         Trog's Hand       |       |       |     1 |     2 |       ||     3
         Brothers in Arms  |       |       |       |     1 |       ||     1
    Use: Scroll            |       |     3 |       |       |       ||     3
         Potion            |       |     1 |     3 |     1 |       ||     5
   Stab: Sleeping          |     1 |       |       |       |       ||     1
 Armour: Animal skin       |    38 |       |       |       |       ||    38
         Scale mail        |     1 |    54 |       |       |       ||    55
         Chain mail        |       |     4 |   172 |    20 |       ||   196
         Plate armour      |       |       |       |   412 |   137 ||   549
  Dodge: Dodged            |    49 |    84 |   136 |   251 |    97 ||   617
